 Dungeon Crawl Stone Soup version 0.31-a0-152-g6aa68a64a1 (webtiles) character file.

Game seed: 11343326251168374672

94 pokeman the Magician (level 4, 0/25 HPs)
             Began as a Deep Elf Hedge Wizard on June 9, 2023.
             Slain by a goblin
             ... wielding a +0 dagger
             ... led by Robin
              (3 damage)
             ... on level 3 of the Dungeon.
             The game lasted 00:03:19 (3387 turns).

pokeman the Magician (Deep Elf Hedge Wizard)        Turns: 3387, Time: 00:03:19

Health: 0/25       AC:  5    Str:  7    XL:     4   Next: 38%
Magic:  0/13       EV: 12    Int: 27    God:
Gold:   101        SH:  0    Dex: 14    Spells: 6/14 levels left

rFire   . . .        a - +0 dagger
rCold   . . .        (no shield)
rNeg    . . .        b - +0 robe
rPois   .            c - +0 hat
rElec   .            (no cloak)
rCorr   .            (no gloves)
SInv    .            u - +2 pair of boots
Will    .....        (no amulet)
Stlth   ++           f - +6 ring of intelligence
HPRegen 0.24/turn    (no ring)
MPRegen 0.13/turn

%: no passive effects
@: no status effects
A: no striking features
a: no special abilities


You were on level 3 of the Dungeon.
You visited 1 branch of the dungeon, and saw 3 of its levels.

You collected 101 gold pieces.

Inventory:

Hand Weapons
 a - a +0 dagger (weapon)
Missiles
 q - a throwing net
Armour
 b - a +0 robe (worn)
 c - a +0 hat (worn)
 u - a +2 pair of boots (worn)
Magical Staves
 k - a staff of fire
Jewellery
 f - a +6 ring of intelligence (left hand)
Scrolls
 e - 3 scrolls of teleportation {unknown}
 g - a scroll of enchant weapon {unknown}
 h - 2 scrolls of identify {unknown}
 l - a scroll of summoning {unknown}
 o - a scroll of noise {unknown}
 p - a scroll of fog {unknown}
 r - a scroll of blinking {unknown}
 s - a scroll of vulnerability {unknown}
Potions
 d - a potion of magic
 i - 4 potions of curing {unknown}
 j - a potion of haste {unknown}
 m - a potion of ambrosia {unknown}
 n - a potion of might {unknown}
 t - a potion of brilliance {unknown}
 v - a potion of lignification {unknown}


   Skills:
 - Level 1.0 Fighting
 - Level 1.0 Armour
 + Level 2.7 Dodging
 + Level 2.8 Stealth
 * Level 5.6 Spellcasting
 + Level 2.2 Conjurations
 - Level 1.1 Summonings
 - Level 1.1 Translocations


You had 6 spell levels left.
You knew the following spells:

 Your Spells              Type           Power      Damage    Failure   Level
a - Magic Dart            Conj           76%        1d6       2%          1
b - Mephitic Cloud        Conj/Pois/Air  11%        N/A       16%         3
c - Call Imp              Summ           26%        N/A       6%          2
d - Blink                 Tloc           26%        N/A       6%          2

Your spell library contained the following spells:

 Spells                   Type           Power      Damage    Failure   Level
 Slow                     Hex            28%        N/A       7%          1
 Cigotuvi's Dreadful Rot  Necr/Pois/Air  14%        N/A       10%         2


Dungeon Overview and Level Annotations

Branches:
Dungeon (3/15)

Altars:

Annotations:
D:3 Robin


Message History

Casting: Magic Dart (safe; 2% risk of failure)
Confirm with . or Enter, or press ? or * to list all spells.
You blink.
Found a scroll labelled YMUSAR PAANIZAOD.
Robin's bangles clink loudly.
The hobgoblin attacks as you move away! The hobgoblin hits you.
The hobgoblin misses you. The hobgoblin attacks as you move away!
The hobgoblin barely misses you. Robin barely misses you.
Robin attacks as you move away! Robin hits you with a +0 short sword.
You feel stable enough to blink again.
You open the door. Robin hits you with a +0 short sword.
Robin attacks as you move away! Robin hits you with a +0 short sword.
* * * LOW HITPOINT WARNING * * *
The hobgoblin hits you but does no damage.
There is an open door here.
You hit Robin but do no damage.
The hobgoblin no longer looks unusually strong.
Robin throws the goblin at you! The goblin hits you but does no damage.
Unknown command.
Casting: Blink (safe; 6% risk of failure)
Confirm with . or Enter, or press ? or * to list all spells.
You blink.
Robin roars a battlecry!
The hobgoblin goes into a battle-frenzy!
There is a stone staircase leading down here.
Robin throws the goblin at you!
* * * LOW HITPOINT WARNING * * *
The goblin barely misses you.
Unknown command.
The hobgoblin attacks as you move away! The hobgoblin closely misses you.
The hobgoblin attacks as you move away! The hobgoblin closely misses you.
You feel stable enough to blink again.
The hobgoblin no longer looks unusually strong.
Robin roars a battlecry!
The hobgoblin goes into a battle-frenzy!
The goblin closely misses you. The goblin misses you.
The goblin attacks as you move away! The goblin hits you with a +0 dagger.
You die...

#..........#.......#
#..........#.......#
#..........#.......##
#..........#.......'.
#..........#.......##
#..........####'####
#######.......####.#####
#.....#.g.>...g....##...
#.....#@g.....####..#...
#....)).gg.....# ##.#...
####+#####.....####.....
####+#####......).......
#............#.#####....
#.........####.# ##...
#.........# #.# #...
#........g# #.# ####
#.........# #.#########


You could see Robin, 2 hobgoblins and 2 goblins.

Vanquished Creatures
  Jessica (D:3)
  An adder (D:3)
  2 dart slugs
  An orc (D:3)
  3 endoplasms
  4 giant cockroaches (D:1)
  10 goblins
  5 hobgoblins
  7 kobolds
  A quokka (D:2)
  5 ball pythons
  A bat (D:2)
  A frilled lizard (D:1)
  7 rats
49 creatures vanquished.

Notes
Turn   | Place    | Note
-------+----------+-------------------------------------------
     0 | D:1      | pokeman the Deep Elf Hedge Wizard began the quest for the
                  | Orb.
     0 | D:1      | Reached XP level 1. HP: 10/10 MP: 7/7
   280 | D:1      | Reached XP level 2. HP: 15/15 MP: 6/9
   688 | D:1      | Reached skill level 5 in Spellcasting
  1455 | D:2      | Reached XP level 3. HP: 20/20 MP: 7/11
  1462 | D:2      | Learned a level 3 spell: Mephitic Cloud
  1465 | D:2      | Learned a level 2 spell: Blink
  1468 | D:2      | Learned a level 2 spell: Call Imp
  2726 | D:3      | Reached skill level 1 in Fighting
  2726 | D:3      | Reached skill level 1 in Armour
  3010 | D:3      | Noticed Jessica
  3014 | D:3      | Killed Jessica
  3015 | D:3      | Reached XP level 4. HP: 25/25 MP: 7/13
  3241 | D:3      | Found a faded altar of an unknown god.
  3341 | D:3      | Noticed Robin
  3387 | D:3      | Slain by a goblin

Illustrated notes

Levels and vault maps discovered:
D:1:      psy_arrival_radial02, layout_basic
D:2:      layout_basic, hangedman_abyss_or_decor_stabs, minivault_23,
          nicolae_hexahallways, nicolae_kite_square_tiling_tiny,
          amcnicky_mini_pool_small
D:3:      layout_basic, hellmonk_ecumenical_altar_heavens_door, uniq_jessica,
          uniq_robin

Skill      XL: |  1  2  3 |
---------------+----------+-----
Spellcasting   | 5 |  5.6
Fighting       | 1 |  1.0
Armour         | 1 |  1.0
Conjurations   | 2 |  2.2
Dodging        | |  2.7
Stealth        | |  2.8
Summonings     | |  1.1
Translocations | |  1.1

Action                     |  1- 3 |  4- 6 || total
---------------------------+-------+-------++-------
  Melee: Dagger            |    12 |     1 ||    13
   Cast: Magic Dart        |    97 |    24 ||   121
         Blink             |       |     2 ||     2
         Call Imp          |       |     1 ||     1
 Armour: Robe              |     3 |    18 ||    21
  Dodge: Dodged            |    19 |    25 ||    44

Table legend: (Time is in decaauts)
 A = Elapsed time spent in this place.
 B = Non-inter-level travel time spent in this place.
 C = Inter-level travel time spent in this place.
 D = Time resting spent in this place.
 E = Time spent auto-exploring this place.
 F = Levels seen in this place.
 G = Mean time per level.
                   A        B        C        D        E       F      G
               +--------+--------+--------+--------+--------+-----+--------+
         Total |   3386 |   3336 |     50 |     53 |   2995 |   3 | 1128.7 |
       Dungeon |   3386 |   3336 |     50 |     53 |   2995 |   3 | 1128.7 |
               +--------+--------+--------+--------+--------+-----+--------+

Top non-repeatable levels by time:
     D:1: 1428 daAuts
     D:2: 1206 daAuts
     D:3: 750 daAuts
